AoeStats
← Wenneshow

Acropolis

503665558Analyzed
1v1 RM · 1mo ago on Sep 1, 2026· 16m 53s· 2 players
Game mode
Random Map
Map size
Tiny (2 player)
Population
200
Speed
Normal
Resources
Standard
Victory
Conquest
Starting age
Dark Age
Ending age
Imperial Age
RankedLock teamsTeams togetherTeam positionsShared explorationLock speedFull tech treeHidden civsTurbo modeCheats
Victory
Defeat
🇪🇸 Mongols · Spain
1368
+18
🇸🇪 Koreans · Sweden
1410
-18
Wenneshow
7:07 Loom
9:28 Feudal Age
10:10 Double-Bit Axe
17:08 Fletching
MaverickGG1403
10:04 Feudal Age
10:57 Loom
15:14 Castle Age
14:22 Fletching
15:21 Double-Bit Axe
Connection lost

Rejoining the realm…

Still unreachable

The connection could not be restored.

Session expired

The server has moved on; the page needs a fresh start.